Map: Lerilak Crest

Players

capac

  • Race: Terran Terran
  • League: Gold

A.I. 1 (Very Hard) - Winner!

  • Race: Terran Terran

VOD

Have the link to the VOD?

Description

Time

  • Played on: Feb. 20, 2016, 4 p.m.
  • Length: 18:26
Show
View Real Time Build Order
Export as new Build Order

capac Terran 

Build Orders: MMM Bio 

Get SALT Encoding   

  12  0:01  SCV  
  13  0:13  SCV  
  14  0:23  Supply Depot  
  14  0:25  SCV  
  15  0:42  Refinery  
  15  0:45  SCV  
  15  0:46  Barracks  
  16  0:57  SCV  
  17  1:09  SCV  
  18  1:21  SCV  
  19  1:33  SCV, Barracks Reactor  
  20  1:42  Command Center  
  20  1:45  SCV  
  21  1:56  Supply Depot  
  21  2:00  Orbital Command  
  21  2:13  Marine x2  
  23  2:24  Factory  
  23  2:30  SCV  
  23  2:33  Barracks  
  23  2:36  Marine  
  25  2:37  Marine  
  26  2:54  Marine  
  26  2:55  Marine  
  26  2:57  Refinery  
  28  3:01  SCV  
  28  3:05  Orbital Command  
  29  3:11  Factory Tech Lab  
  29  3:13  Factory Reactor  
  29  3:15  Starport  
  29  3:16  SCV  
  30  3:22  Barracks Tech Lab  
  30  3:28  SCV  
  31  3:35  SCV  
  31  3:41  SCV  
  33  3:45  Marine x2  
  33  3:46  Marine  
  36  3:59  Medivac  
  36  4:00  Medivac  
  40  4:03  Marine x2, SCV x2  
  40  4:04  Marine  
  45  4:10  Supply Depot  
  45  4:18  Supply Depot  
  45  4:21  Factory Tech Lab  
  45  4:23  Stimpack  
  45  4:24  Marine x3  
  48  4:36  SCV x2  
  48  4:37  Engineering Bay  
  50  4:42  Marine x2  
  50  4:44  Engineering Bay, Marine  
  50  4:45  Supply Depot  
  53  4:52  Refinery  
  53  5:04  Terran Infantry Weapons Level 1  
  53  5:08  Marine x2  
  53  5:09  Supply Depot, Marine  
  56  5:17  SCV  
  56  5:18  SCV  
  58  5:25  Terran Infantry Armor Level 1  
  58  5:26  Marine x2  
  60  5:29  SCV  
  60  5:30  SCV  
  60  5:31  Marine  
  63  5:44  SCV x2  
  63  5:45  Marine  
  63  5:46  Marine  
  63  5:48  Marine  
  68  5:56  Liberator  
  68  6:03  Marine x2  
  70  6:06  Marine  
  71  6:12  Siege Tank  
  76  6:21  Marine x2  
  76  6:24  Marine  
  70  6:33  Liberator  
  70  6:37  Missile Turret  
  70  6:38  Combat Shields  
  70  6:39  Marine x2, Liberator  
  72  6:42  Marine  
  72  6:44  Siege Tank  
  72  6:45  SCV  
  72  6:46  SCV  
  81  6:57  Armory  
  81  7:00  Supply Depot  
  84  7:01  SCV x2  
  86  7:13  Refinery, Marine, SCV  
  86  7:14  Marine, SCV  
  86  7:15  Marine  
  91  7:20  Siege Tank  
  94  7:26  Supply Depot, Liberator  
  94  7:42  Supply Depot  
  97  7:45  Marine x3  
  100  7:53  Barracks  
  100  7:54  Barracks, SCV x2  
  100  7:57  Siege Tank  
  105  8:12  Liberator x2  
  105  8:30  Command Center  
  105  8:33  Siege Tank  
  114  8:42  Barracks Reactor  
  114  8:43  Barracks Reactor  
  114  8:50  Marine x3  
  114  8:51  Terran Infantry Weapons Level 2  
  117  9:01  Supply Depot  
  117  9:03  Supply Depot  
  117  9:04  Terran Infantry Armor Level 2  
  66  9:59  SCV  
  67  10:03  Missile Turret  
  67  10:16  SCV x2  
  67  10:17  Command Center  
  69  10:29  Marine x5  
  69  10:30  Marine x2  
  69  10:33  Siege Tank  
  79  10:39  Medivac x2  
  83  10:47  Marine x7  
  83  10:49  Orbital Command  
  90  10:54  Refinery  
  90  10:55  Orbital Command  
  90  10:56  Refinery  
  90  11:04  Marine  
  90  11:05  Marine x5, Siege Tank  
  90  11:09  Medivac x2  
  90  11:10  Supply Depot  
  103  11:22  SCV x3  
  103  11:24  Refinery  
  106  11:27  Refinery  
  106  11:33  Marine x2  
  106  11:34  Marine x4  
  106  11:35  Marine  
  113  11:42  Medivac  
  113  11:43  Medivac  
  117  11:48  SCV x2  
  120  11:54  SCV  
  120  11:58  Siege Tank  
  120  11:59  Marine x2  
  125  12:04  Supply Depot  
  125  12:07  Marine x2  
  127  12:21  Marine  
  127  12:22  Marine x4  
  132  12:28  Supply Depot  
  132  12:31  Siege Tank  
  132  12:34  Medivac x2  
  139  12:43  Marine x2  
  141  12:47  Marine  
  141  12:48  Marine  
  141  12:49  Marine x3  
  141  12:51  Supply Depot  
  104  13:52  Marine x3, Liberator x2  
  104  13:53  Marine x4  
  104  14:07  Siege Tank  
  113  14:10  Marine x4  
  113  14:11  Marine x2  
  119  14:17  Marine  
  120  14:28  Marine x3  
  123  14:42  Marine x4  
  96  15:15  Marine x4  
  96  15:16  Marine x3  
  96  15:17  Siege Tank  
  106  15:30  Liberator  
  106  15:31  Liberator  
  106  15:33  Marine  
  90  15:45  Marine x4  
  90  15:46  Marine x2  
  90  15:49  Siege Tank  
  105  15:50  Marine  
  106  16:09  Marine x7  
  113  16:15  Command Center  
  113  16:21  Siege Tank  
  116  16:26  Supply Depot, Marine  
  116  16:31  Supply Depot  
  117  16:34  Barracks x2  
  117  16:35  Starport  
  117  16:54  Siege Tank  
  117  17:08  Liberator  
  117  17:09  Liberator  
  71  17:17  Marine x5  
  71  17:22  Marine x2  
  63  17:26  Siege Tank  
  63  17:28  Barracks Reactor  
  63  17:29  Barracks Reactor  
  74  17:35  Marine x2  
  52  17:58  Marine  
  52  17:59  Marine x2  
Show
View Real Time Build Order
Export as new Build Order

A.I. 1 (Very Hard) Terran - Winner!

Build Orders: Bio Tank 

Get SALT Encoding   

  12  0:00  SCV  
  13  0:13  SCV  
  14  0:18  Supply Depot  
  14  0:25  SCV  
  15  0:40  SCV  
  15  0:41  Barracks  
  16  0:52  SCV  
  17  1:04  SCV  
  17  1:10  Refinery  
  18  1:12  Supply Depot  
  18  1:16  SCV  
  19  1:28  SCV  
  19  1:29  Marine  
  21  1:40  Command Center  
  21  2:05  Barracks  
  21  2:06  SCV  
  22  2:10  Marine  
  22  2:15  Factory  
  23  2:18  SCV  
  24  2:23  Supply Depot  
  24  2:28  Marine  
  25  2:30  SCV  
  26  2:42  SCV  
  27  2:46  Marine  
  28  2:53  Orbital Command  
  28  2:54  SCV  
  29  3:00  Refinery, Factory Tech Lab  
  29  3:10  Orbital Command  
  29  3:12  Marine  
  30  3:15  Marine  
  31  3:20  SCV  
  32  3:30  Marine  
  32  3:32  SCV  
  32  3:33  Marine  
  35  3:36  SCV  
  36  3:43  Barracks  
  36  3:45  SCV  
  36  3:48  Marine, SCV  
  39  3:51  Barracks Tech Lab  
  39  3:57  Starport, SCV  
  39  4:00  SCV  
  41  4:07  Barracks Tech Lab  
  41  4:09  Marine, SCV  
  43  4:12  SCV, Stimpack  
  44  4:18  Supply Depot  
  44  4:21  SCV  
  45  4:24  SCV  
  45  4:25  Marine, Combat Shields  
  45  4:27  Marine  
  45  4:29  Marine  
  49  4:33  SCV, Medivac  
  52  4:39  SCV  
  52  4:41  Supply Depot  
  52  4:42  Marine  
  52  4:45  Marine, SCV  
  56  4:47  Supply Depot, Marine  
  57  4:55  SCV  
  57  4:57  SCV  
  59  5:01  Marauder  
  59  5:02  Refinery, Marine  
  59  5:04  Siege Tank  
  59  5:05  Barracks Reactor  
  65  5:07  SCV  
  65  5:09  Refinery, SCV  
  67  5:15  Supply Depot  
  67  5:19  SCV  
  67  5:21  Marauder, SCV  
  70  5:22  Marauder  
  73  5:31  SCV  
  73  5:33  SCV  
  75  5:36  Siege Tank  
  75  5:39  Supply Depot  
  75  5:42  Marauder  
  80  5:43  SCV  
  80  5:44  Marauder  
  80  5:46  SCV  
  84  5:55  Engineering Bay  
  84  5:58  SCV x2  
  84  5:59  Engineering Bay  
  84  6:02  Command Center  
  84  6:04  Marauder  
  88  6:05  Supply Depot  
  88  6:09  Siege Tank  
  88  6:10  SCV  
  92  6:13  SCV  
  92  6:15  Marauder  
  91  6:20  Terran Infantry Weapons Level 1  
  91  6:22  SCV  
  83  6:25  Supply Depot  
  83  6:26  SCV  
  83  6:32  Marauder  
  86  6:34  SCV  
  86  6:37  Marauder  
  86  6:38  SCV  
  90  6:45  Concussive Shells  
  90  6:46  SCV  
  91  6:47  Siege Tank  
  91  6:50  SCV  
  91  6:52  Supply Depot  
  91  6:53  Marauder  
  97  6:58  SCV  
  97  6:59  Terran Infantry Armor Level 1  
  98  7:03  Missile Turret  
  98  7:06  Missile Turret  
  98  7:13  Barracks, Starport Reactor  
  98  7:15  SCV  
  99  7:16  SCV  
  99  7:19  Siege Tank, SCV  
  104  7:27  SCV  
  104  7:29  Missile Turret, SCV  
  106  7:31  SCV  
  107  7:37  Missile Turret  
  107  7:38  Marauder  
  107  7:39  SCV  
  107  7:41  SCV  
  107  7:42  Supply Depot  
  107  7:43  SCV  
  112  7:47  Marauder  
  112  7:49  Medivac  
  116  7:51  Siege Tank, SCV  
  116  7:53  SCV  
  116  7:55  SCV  
  122  8:03  SCV  
  122  8:05  Missile Turret  
  123  8:07  SCV  
  123  8:08  Supply Depot, Orbital Command  
  124  8:16  SCV  
  125  8:20  SCV  
  125  8:23  Widow Mine  
  125  8:25  Missile Turret  
  127  8:28  SCV  
  127  8:29  Medivac  
  127  8:31  Factory  
  130  8:34  Supply Depot  
  130  8:37  Starport  
  130  8:41  Refinery  
  130  8:43  Hi-Sec Auto Tracking, Refinery  
  130  8:49  Barracks, Command Center  
  130  8:52  Siege Tank, Missile Turret  
  133  8:59  Armory  
  133  9:04  Supply Depot, SCV x2  
  133  9:06  SCV  
  127  9:10  Marine, Liberator  
  127  9:11  Marauder, Marine x2  
  127  9:13  Starport Tech Lab  
  127  9:14  Widow Mine, Marine  
  126  9:20  Liberator  
  121  9:24  Siege Tank  
  121  9:28  Marine x2  
  121  9:29  Marine  
  119  9:32  Marauder, Marine  
  119  9:34  Raven  
  119  9:35  Marine  
  121  9:44  Factory Tech Lab  
  121  9:46  Terran Vehicle Weapons Level 1, Marine  
  121  9:47  Marine  
  121  9:48  Marine  
  110  9:53  Marine, Liberator  
  110  9:54  Marauder, Marine  
  114  10:00  Liberator  
  114  10:03  Liberator  
  114  10:04  Marauder  
  114  10:05  Marine  
  117  10:08  Marine  
  121  10:15  Marauder  
  121  10:17  Refinery  
  121  10:18  Command Center  
  129  10:26  Marauder  
  129  10:28  Siege Tank  
  134  10:36  Marauder, Liberator, Siege Tank  
  139  10:45  Refinery  
  139  10:47  Marauder  
  139  10:49  Planetary Fortress  
  141  10:51  Missile Turret  
  141  10:55  Missile Turret  
  144  10:58  Marauder, Marine  
  144  10:59  Marine  
  144  11:00  Siege Tank  
  144  11:03  Supply Depot  
  151  11:07  Widow Mine  
  151  11:08  Marauder  
  151  11:09  Marine  
  156  11:16  Terran Infantry Weapons Level 2, Missile Turret  
  156  11:17  Missile Turret  
  156  11:19  Marauder  
  156  11:20  Marine, Missile Turret  
  156  11:24  Marine x2  
  161  11:27  Supply Depot, Raven  
  161  11:28  Marine  
  161  11:30  Marauder  
  161  11:31  Widow Mine  
  168  11:33  Refinery  
  168  11:36  Siege Tank  
  168  11:37  Refinery, Planetary Fortress  
  168  11:38  Marine  
  172  11:40  Terran Vehicle And Ship Armor Level 1  
  172  11:42  Missile Turret  
  172  11:48  Missile Turret  
  172  11:50  Armory  
  172  12:04  Missile Turret  
  172  12:05  Command Center  
  172  12:12  Medivac  
  174  12:22  Marine  
  175  12:23  Cyclone  
  175  12:26  Missile Turret  
  175  12:28  Cyclone  
  175  12:29  Marine  
  181  12:30  Marine  
  181  12:32  Marine  
  181  12:36  Marine  
  185  12:37  Terran Vehicle Weapons Level 2, Marine  
  185  12:38  Viking  
  185  12:40  Marauder  
  185  12:42  Viking  
  192  12:45  Viking  
  192  12:48  Marauder  
  195  12:54  Widow Mine  
  195  12:55  Liberator  
  195  12:58  Ghost Academy, Marine  
  189  13:01  Siege Tank  
  177  13:08  Medivac  
  177  13:09  Marine x2  
  177  13:10  Marine  
  177  13:12  Marine  
  147  13:13  Marine  
  147  13:15  Viking  
  147  13:16  Marine  
  131  13:21  Liberator  
  131  13:23  Siege Tank  
  134  13:27  Marine  
  134  13:28  Marauder x2, Liberator  
  134  13:32  Marine  
  134  13:33  Siege Tank  
  142  13:37  Planetary Fortress  
  142  13:38  Liberator  
  142  13:39  Marine x2  
  132  13:45  Marine  
  128  13:48  Ghost  
  128  13:49  Marauder  
  128  13:50  Marine  
  128  13:54  Missile Turret  
  136  13:55  Siege Tank  
  136  13:57  Marine  
  136  14:02  Marine, Missile Turret  
  141  14:03  Marine  
  141  14:04  Widow Mine, Liberator  
  144  14:10  Marauder, Liberator  
  144  14:11  Terran Infantry Weapons Level 3  
  146  14:17  Marauder  
  146  14:20  Liberator  
  146  14:23  High Capacity Fuel Tanks  
  151  14:27  Siege Tank  
  157  14:32  Marauder  
  157  14:33  Siege Tank  
  157  14:36  Barracks Tech Lab, Marine  
  157  14:37  Marine x2  
  165  14:39  Marauder  
  165  14:45  Command Center  
  167  14:47  Liberator  
  167  14:48  SCV  
  161  14:53  Marauder  
  161  14:54  Marine x2  
  161  14:55  Marauder, Marine  
  161  14:59  Widow Mine  
  147  15:00  Marauder  
  147  15:03  SCV  
  147  15:05  Cyclone  
  146  15:10  Viking  
  146  15:12  Marine x2  
  146  15:13  Marine  
  142  15:15  Marauder  
  142  15:16  Marauder  
  142  15:20  Raven  
  148  15:21  Marine  
  148  15:23  Liberator, SCV x2  
  148  15:28  Siege Tank  
  137  15:30  Marine x2  
  137  15:31  Marine  
  137  15:34  SCV  
  131  15:36  Marauder  
  131  15:38  Marauder  
  131  15:39  Marine  
  139  15:45  Siege Tank  
  139  15:46  Liberator  
  139  15:47  Viking  
  139  15:48  Marine  
  139  15:49  Marine x2  
  147  15:56  SCV  
  147  15:57  Marauder, Marine  
  147  15:59  Marauder  
  147  16:03  Planetary Fortress  
  155  16:05  Marine  
  155  16:07  Marine  
  155  16:09  Missile Turret  
  157  16:11  Marine  
  157  16:13  Missile Turret  
  157  16:15  Marauder  
  157  16:18  Marine  
  160  16:20  Marauder  
  163  16:29  Cyclone, Siege Tank  
  163  16:31  Marine  
  163  16:32  Marine x2  
  172  16:36  Marauder, Marine  
  175  16:41  Viking  
  175  16:42  Marauder, SCV  
  175  16:43  Liberator x2  
  179  16:48  Command Center  
  179  16:49  Marine  
  180  16:54  Marauder, Liberator  
  180  17:00  Marine  
  180  17:01  Widow Mine, Siege Tank  
  188  17:11  Marauder  
  188  17:15  Marine x3  
  176  17:16  Marine  
  176  17:18  Marine  
  176  17:30  Cyclone  
  176  17:32  Marauder  
  176  17:33  Marine x3, Siege Tank  
  176  17:37  Marauder  
  189  17:39  Marine  
  189  17:43  Viking  
  192  17:48  Medivac  
  192  17:50  Marine  
  188  17:51  Marine, Ghost  
  188  17:53  Marine  
  188  17:54  Medivac  
  188  17:57  Marine  
  195  17:58  Marine  
  197  18:16  Missile Turret  
  197  18:17  Missile Turret  
Tags
 
Composition
Bio TankMMM Bio
League
Gold
Matchup
TvT
Race
Terran
Add a new tag
Caveats
  • Supply blocks, unpowered buildings, or Contaminate may cause inaccurate times.
  • Supply counts are checked every 10 seconds.